 Dungeon Crawl Stone Soup version 0.28-a0-1080-g05a166d0ed (webtiles) character file.

Game seed: 5487621346133242353

394 spaghetti the Ducker (level 6, -3/37 (42) HPs)
             Began as an Octopode Chaos Knight on Dec 10, 2021.
             Was a Plaything of Xom.
             Succumbed to an orc wizard's poison
             ... on level 5 of the Dungeon.
             The game lasted 00:04:19 (3924 turns).

spaghetti the Ducker (Octopode Chaos Knight)        Turns: 3924, Time: 00:04:19

HP:   -3/37 (42)    AC:  1    Str: 12    XL:     6   Next: 82%
MP:   6/6           EV: 14    Int: 14    God:    Xom [.*....]
Gold: 138           SH:  0    Dex:  9    Spells: 5/5 levels left

rFire   . . .      SeeInvis .   i - +3 quarterstaff (chaos)
rCold   . . .      Faith    .   (shield currently unavailable)
rNeg    . . .      Spirit   .   (helmet restricted)
rPois   .          Reflect  .   (no amulet)
rElec   .          Harm     .   (no ring)
rCorr   .          Rampage  .   (no ring)
Will    .....                   (no ring)
Stlth   ++........              (no ring)
HPRegen 0.12/turn               (no ring)
MPRegen 0.10/turn               (no ring)
                                (no ring)
                                (no ring)

@: brilliant, lethally poisoned (-3 -> -33), weak-willed, heavily drained
A: almost no armour, amphibious, 8 rings, camouflage 1, gelatinous body 1,
(nimble swimmer 1), tentacles, clumsy 2, mutation resistance 1
a: Renounce Religion


You were on level 5 of the Dungeon.
You worshipped Xom.
You were a plaything of Xom.
You visited 1 branch of the dungeon, and saw 4 of its levels.

You collected 138 gold pieces.

Inventory:

Hand Weapons
 a - a +0 mace of chaos
 i - a +3 quarterstaff of chaos (weapon)
Missiles
 f - a curare-tipped dart (quivered)
 m - 3 silver javelins
Scrolls
 b - 2 scrolls of enchant armour {unknown}
 d - 5 scrolls of identify {unknown}
 e - a scroll of holy word {unknown}
 h - a scroll of blinking {unknown}
 k - a scroll of brand weapon {unknown}


   Skills:
 - Level 3.0 Fighting
 - Level 3.0(4.1) Maces & Flails
 + Level 4.2(4.7) Staves
 - Level 5.5 Dodging


You had 5 spell levels left.
You didn't know any spells.
Your spell library was empty.

Dungeon Overview and Level Annotations

Branches:
Dungeon (3/15)

Altars:
Hepliaklqana


Innate Abilities, Weirdness & Mutations

You cannot wear most types of armour.
You are amphibious.
You can wear up to eight rings at the same time.
Your skin changes colour to match your surroundings (Stealth+).
Your rubbery body absorbs attacks. (AC +1, EV +1)
((You are camouflaged near water. (Stealth+)))
You have tentacles for arms and can constrict up to eight enemies at once.
You are very clumsy. (Dex -4)
You are somewhat resistant to further mutation.


Message History

Throw: 3 darts (curare)
Press: ? - help, Q - select action, (/) - cycle Shift-Dir - straight line, f - orc priest
Aim: an orc priest, wielding a +0 club (54% to hit)
You throw a curare-tipped dart.
The curare-tipped dart hits the orc priest.
The orc priest is poisoned.
The orc priest convulses.
The orc priest seems to slow down.
The orc priest is heavily wounded.
Throw: 2 darts (curare)
Press: ? - help, Q - select action, (/) - cycle Shift-Dir - straight line, f/p - orc priest
Aim: an orc priest, wielding a +0 club (heavily wounded, very poisoned, slow, 54% to hit)
You throw a curare-tipped dart.
The curare-tipped dart hits the orc priest.
The orc priest looks as sick as possible!
The orc priest convulses.
The orc priest seems to be slow for longer.
The orc priest is almost dead.
You kill the orc priest!
Something hits you.
You miss something. Your squeeze misses something. Something hits you.
You are poisoned.
You closely miss something.
You feel very sick. Something hits you.
You are more poisoned.
It was a potion of brilliance.
You feel clever all of a sudden.
You feel very sick. Something hits you.
You miss something.
You feel very sick. Something hits you.
* * * LOW HITPOINT WARNING * * *
You are more poisoned.
Something hits you.
* * * LOW HITPOINT WARNING * * *
As you read the scroll labelled PYRAFE MELEL, it crumbles to dust.
Magic quickly surges around you.
It was a scroll of vulnerability.
You die...
Xom thinks this is hilarious!

.................#
#.#..............#
................#
#.########..............#
#.......................#
#......................#
#..................$...#
#......................#
#...........()@........#
#..................†...#
#.........)............#
#....#############....<#
#....# #.....# #.(..#
#.....# #....# #.....#
#....# #.....# #....#


There were no monsters in sight!

Vanquished Creatures
  A sky beast (D:5)
  A centaur (D:5)
  Crazy Yiuf (D:2)
  3 orc priests
  An iguana (D:5)
  2 adders
  A worm (D:2)
  A dart slug (D:1)
  9 orcs
  5 ball pythons
  5 bats
  3 endoplasms
  4 giant cockroaches
  4 hobgoblins
  4 kobolds
  4 quokkas
  4 frilled lizards
  5 goblins
  7 rats
65 creatures vanquished.

Vanquished Creatures (others)
  A fungus (D:3)
  A plant (D:3)
2 creatures vanquished.

Grand Total: 67 creatures vanquished

Notes
Turn   | Place    | Note
-------+----------+-------------------------------------------
     0 | D:1      | spaghetti the Octopode Chaos Knight began the quest for the
                  | Orb.
     0 | D:1      | Reached XP level 1. HP: 16/16 MP: 1/1
   118 | D:1      | XOM is BORED!
   118 | D:1      | XOM: silly message
   306 | D:1      | XOM: divination: detect creatures
   329 | D:1      | XOM: silly message
   668 | D:2      | XOM: 9-stop teleportation journey
   679 | D:2      | Reached skill level 3 in Dodging
   679 | D:2      | Reached XP level 2. HP: 21/21 MP: 2/2
   849 | D:2      | XOM: noise
  1395 | D:2      | Found a hazy altar of Hepliaklqana.
  1415 | D:2      | XOM: noise
  1447 | D:2      | Reached skill level 4 in Dodging
  1447 | D:2      | Reached XP level 3. HP: 6/26 MP: 3/3
  1449 | D:2      | Reached XP level 4. HP: 7/31 MP: 4/4
  2080 | D:1      | Reached skill level 5 in Dodging
  2092 | D:1      | XOM: 2-stop teleportation journey
  2133 | D:1      | XOM: give mutations
  2133 | D:1      | Gained mutation: You are somewhat resistant to further
                  | mutation. [Xom's mischief]
  2133 | D:1      | Gained mutation: You are clumsy. (Dex -2) [Xom's mischief]
  2133 | D:1      | Gained mutation: You are very clumsy. (Dex -4) [Xom's
                  | mischief]
  2716 | D:2      | Reached XP level 5. HP: 33/36 MP: 5/5
  2747 | D:2      | Found a runed translucent door.
  2748 | D:2      | Noticed Crazy Yiuf
  2985 | D:2      | Killed Crazy Yiuf
  3135 | D:2      | XOM: cloud trail
  3605 | D:3      | You fall into a shaft and drop 2 floors!
  3605 | D:5      | Entered Level 5 of the Dungeon
  3610 | D:5      | Noticed a centaur
  3613 | D:5      | Killed a centaur
  3614 | D:5      | Reached XP level 6. HP: 38/42 MP: 6/6
  3710 | D:5      | Noticed a sky beast
  3724 | D:5      | Killed a sky beast
  3860 | D:5      | XOM: draining
  3924 | D:5      | Succumbed to an orc wizard's poison

Illustrated notes

Levels and vault maps discovered:
D:1:      sevenhm_arrival_forest_fort_small_4, layout_rooms, minmay_3d_cube
D:2:      cheibrodos_pilgrimage, layout_loops_ring, basic_altar,
          uniq_crazy_yiuf_cottage
D:3:      layout_basic, shapermc_ecumenical_altar_mp_urbaneastern
D:5:      layout_gridville, minmay_temple_entry_nine_rooms,
          gammafunk_ghost_mausoleum, st_stairs_12, guppyfry_early_orc_mine

Skill      XL: |  1  2  3  4  5  6 |
---------------+-------------------+-----
Dodging        | 3 4 5 |  5.5
Staves         | 2 4 |  4.2
Fighting       | |  3.0
Maces & Flails | |  3.0

Action                   |  1- 3 |  4- 6 || total
-------------------------+-------+-------++-------
Melee: Mace              |    36 |    59 ||    95
       Constrict         |     8 |    19 ||    27
       Tentacles         |     4 |     9 ||    13
       Quarterstaff      |       |    34 ||    34
Throw: Dart              |       |     4 ||     4
  Use: Potion            |     1 |     3 ||     4
       Scroll            |       |     1 ||     1
 Stab: Sleeping          |     2 |     5 ||     7
       Paralysed         |       |     1 ||     1
Armor: Skin              |     3 |    11 ||    14
Dodge: Dodged            |    29 |    58 ||    87

Table legend: (Time is in decaauts)
 A = Elapsed time spent in this place.
 B = Non-inter-level travel time spent in this place.
 C = Inter-level travel time spent in this place.
 D = Time resting spent in this place.
 E = Time spent auto-exploring this place.
 F = Levels seen in this place.
 G = Mean time per level.
                   A        B        C        D        E       F      G
               +--------+--------+--------+--------+--------+-----+--------+
         Total |   3953 |   3910 |     43 |   1786 |   1596 |   4 |  988.2 |
       Dungeon |   3953 |   3910 |     43 |   1786 |   1596 |   4 |  988.2 |
               +--------+--------+--------+--------+--------+-----+--------+

Top non-repeatable levels by time:
     D:2: 1963 daAuts
     D:1: 1202 daAuts
     D:3: 467 daAuts
     D:5: 320 daAuts
